 Dungeon Crawl Stone Soup version 0.30-a0-739-gea05faddec (webtiles) character file.

Game seed: 576140311161455177

9 ASSMAN the Sneak (level 2, -2/28 HPs)
             Began as a Naga Delver on Feb 5, 2023.
             Slain by a yak (4 damage)
             ... on level 5 of the Dungeon.
             The game lasted 00:00:58 (178 turns).

ASSMAN the Sneak (Naga Delver)                       Turns: 178, Time: 00:00:59

Health: -2/28      AC:  3    Str: 14    XL:     2   Next: 12%
Magic:  2/2        EV:  9    Int: 10    God:
Gold:   31         SH:  0    Dex: 12    Spells: 1/1 levels left

rFire   . . .      SeeInvis +    a - +0 hand axe
rCold   . . .      Faith    .    (no shield)
rNeg    . . .      Spirit   .    b - +0 leather armour
rPois   +          Reflect  .    h - +0 helmet
rElec   .          Harm     .    (no cloak)
rCorr   .          Rampage  .    (no gloves)
Will    .....                    (no barding)
Stlth   +++                      (no amulet)
HPRegen 0.24/turn                (no ring)
MPRegen 0.08/turn                (no ring)

@: very slow
A: AC +0, large, see invisible, deformed body, poison resistance, slowness 2,
spit poison 1, naga tail 1
a: Spit Poison


You were on level 5 of the Dungeon.
You visited 1 branch of the dungeon, and saw 1 of its levels.

You collected 31 gold pieces.

Inventory:

Hand Weapons
 a - a +0 hand axe (weapon)
Armour
 b - a +0 leather armour (worn)
 h - a +0 helmet (worn)
Wands
 g - a wand of digging (3)
Scrolls
 c - a scroll of fog
 d - a scroll of magic mapping
Potions
 f - a potion of haste


   Skills:
 + Level 3.3 Fighting
 - Level 2.0 Axes
 - Level 1.5 Dodging
 + Level 7.6 Stealth


You had one spell level left.
You didn't know any spells.
Your spell library was empty.

Dungeon Overview and Level Annotations

Branches:
Dungeon (5/15)
 Temple: D:4-7

Altars:
Vehumet
The Shining One

Annotations:
D:5 Eustachio


Innate Abilities, Weirdness & Mutations

Your serpentine skin is tough. (AC +0)
You have supernaturally acute eyesight. (SInv)
Armour fits poorly on your strangely shaped body.
Your system is resistant to poisons. (rPois)
You cover ground very slowly.
You can spit poison.
You have a snake-like lower body.


Message History

The yak attacks as you move away! The yak gores you but does no damage.
Aiming: Spit Poison (2% risk of failure)
Press: ? - help, Shift-Dir - straight line, f - yak
Aim: a yak (75% to hit)
The splash of poison hits the yak but does no damage.
The yak is poisoned.
The yak gores you!
The jelly quivers.
You hit the yak.
The yak is lightly wounded.
The yak barely misses you.
You hit the yak.
The yak is moderately wounded.
You have got your breath back.
The yak barely misses you. The yak closely misses you.
Aiming: Spit Poison (2% risk of failure)
Press: ? - help, Shift-Dir - straight line, f/p - yak
Aim: a yak (moderately wounded, poisoned, 75% to hit)
The splash of poison hits the yak.
The yak looks even sicker.
The yak is moderately wounded.
The yak gores you!
* * * LOW HITPOINT WARNING * * *
You closely miss the yak.
The yak is moderately wounded.
The yak closely misses you.
You barely miss the yak.
The yak is moderately wounded.
The yak closely misses you.
The yak bellows!
You hit the yak.
The yak is heavily wounded.
You hear a bellow! x2
The yak gores you but does no damage.
You hit the yak.
The yak is heavily wounded.
The yak closely misses you.
You barely miss the yak.
The yak is severely wounded.
You have got your breath back.
The yak gores you.
You die...

### #######.##.#
##.# #..........#
#..# ####.##....#
#..# #.##.####
#..#######.##.###
#..Y..Y....†....#
#Y.####.Y.......#
#Y.# #.JY.....#.##
#..# #..#@#.#.#..#
#..# #....#.#....#
#Y..........###..#
#Y##.._.....####.#
..........)......#
.......⌠........#
............###.#
......
###....._..# #.#
#.......
.....###.#


You could see 3 yaks and a jelly.

Vanquished Creatures
  An ufetubus (D:5)
  A worm (D:5)
2 creatures vanquished.

Notes
Turn   | Place    | Note
-------+----------+-------------------------------------------
     0 | D:5      | ASSMAN the Naga Delver began the quest for the Orb.
     0 | D:5      | Reached XP level 1. HP: 21/21 MP: 1/1
    33 | D:5      | Noticed a jelly
   100 | D:5      | Noticed Eustachio
   120 | D:5      | Found a glowing golden altar of the Shining One.
   133 | D:5      | Found a radiant altar of Vehumet.
   152 | D:5      | Reached XP level 2. HP: 28/28 MP: 2/2
   153 | D:5      | Noticed a yak
   158 | D:5      | Noticed a yak
   158 | D:5      | Noticed a yak
   158 | D:5      | Noticed a yak
   158 | D:5      | Noticed a yak
   173 | D:5      | HP: 1/28 [yak (9)]
   178 | D:5      | Slain by a yak

Illustrated notes

Levels and vault maps discovered:
D:5:      layout_basic, grunt_temple_overflow_open, serial_shops, shop,
          palyth_stone_intersect, minmay_statues_item, minmay_pentangle,
          uniq_eustachio, uniq_prince_ribbit1

Action                     || total
---------------------------++-------
  Melee: Hand axe          ||    12
Ability: Spit Poison       ||     3
    Use: Scroll            ||     1
   Stab: Sleeping          ||     1
 Armour: Leather armour    ||     2
  Dodge: Dodged            ||     9

Table legend: (Time is in decaauts)
 A = Elapsed time spent in this place.
 B = Non-inter-level travel time spent in this place.
 C = Inter-level travel time spent in this place.
 D = Time resting spent in this place.
 E = Time spent auto-exploring this place.
 F = Levels seen in this place.
 G = Mean time per level.
                   A        B        C        D        E       F      G
               +--------+--------+--------+--------+--------+-----+--------+
         Total |    242 |    242 |      0 |      0 |    114 |   1 |  242.0 |
       Dungeon |    242 |    242 |      0 |      0 |    114 |   1 |  242.0 |
               +--------+--------+--------+--------+--------+-----+--------+

Top non-repeatable levels by time:
     D:5: 242 daAuts
